cohdb
Replays
Latest Replays
All Replays
Popular Replays
Top Player Replays
Match Explorer
How It Works
Community
CoH3 Stats
Reddit
Sign in to upload your games and track your stats! →
Sign in with Steam
Match 42437613
Unlisted
Match 42437613
Overview
Messages
Build Orders
End
Pioneer Squad
Construct Infanterie Kompanie
MG 42 Machine Gun Team
Selects Breakthrough Battlegroup
Selects Assault Grenadiers
Grenadier Squad
Grenadier Squad
Medical Station
Grenadier Squad
Infanterie Officer Quarters
Grenadier Squad
Grenadier Squad
Construct Panzergrenadier Kompanie
MG 42 Machine Gun Team
Panzergrenadier Squad
Panzergrenadier Squad
MedicMango
Agua de Jamaica
0
0
Comments
sign in to comment!
No comments posted yet!